[Event "Titled Tuesday Blitz March 14 Late 2023"]
[White "Fiorito, Francisco"]
[Black "Bacrot, Etienne"]
[WhiteFideId "180165"]
[BlackFideId "605506"]
[WhiteElo "2341"]
[BlackElo "2663"]
[Result "0-1"]
[Round "05"]
[TimeControl "180+1"]
[Date "2023.03.14"]
[WhiteClock "0:00:02"]
[BlackClock "0:00:14"]

1. Nf3 d5 2. g3 e6 3. Bg2 Nf6 4. O-O Bd6 5. d3 O-O 6. Nbd2 e5 7. e4 c6 8. Re1 Re8 9. c3 h6 10. Qc2 Nbd7 11. a4 a5 12. Nh4 Nc5 13. Nb3 Be6 14. Nxc5 Bxc5 15. h3 dxe4 16. dxe4 Qb6 17. Be3 Bxe3 18. Rxe3 Rad8 19. Nf5 Rd7 20. Rd3 Rxd3 21. Qxd3 Bxf5 22. exf5 Qxb2 23. Rb1 e4 24. Bxe4 Qa2 25. Bf3 Nd7 26. Rd1 Ne5 27. Qe4 Nxf3+ 28. Qxf3 Qxa4 29. Rd7 b6 30. f6 Qe4 31. Qh5 Qe6 32. Rb7 Qxf6 33. Rxb6 Qxc3 34. Rb7 Qe1+ 35. Kg2 Qe4+ 36. Kg1 Qd5 37. Qxd5 cxd5 38. Rb5 Ra8 39. Rxd5 a4 40. Rd2 a3 41. Ra2 Kf8 42. Kf1 Ke7 43. Ke2 Ke6 44. Ke3 Ke5 45. f4+ Kd5 46. Kd3 h5 47. g4 h4 48. g5 g6 49. Ke3 Kc4 50. Ke4 Kb3 51. Ra1 Ra5 52. Kd4 a2 53. Rxa2 Kxa2 0-1


[Site "https://www.chess.com"]

[Event "Titled Tuesday Blitz March 14 Late 2023"]
[White "Fiorito, Joaquin"]
[Black "Ozen, Bahadir"]
[WhiteFideId "180173"]
[BlackFideId "6337058"]
[WhiteElo "2157"]
[BlackElo "2503"]
[Result "0-1"]
[Round "05"]
[TimeControl "180+1"]
[Date "2023.03.14"]
[WhiteClock "0:00:14"]
[BlackClock "0:00:14"]

1. d4 Nf6 2. Nc3 d5 3. Bf4 e6 4. Nb5 Bb4+ 5. c3 Ba5 6. a4 a6 7. b4 axb5 8. axb5 b6 9. bxa5 bxa5 10. e3 O-O 11. Bd3 Bb7 12. Ne2 Nbd7 13. O-O c6 14. Bd6 Re8 15. Rb1 cxb5 16. Bxb5 Ba6 17. f3 Qc8 18. Qd3 Bxb5 19. Rxb5 Qc6 20. Bg3 a4 21. Ra1 h6 22. Rb4 Ra7 23. Bh4 Rea8 24. Ra3 Ra5 25. c4 dxc4 26. Rxc4 Qa6 27. e4 Qb6 28. Bf2 Qb7 29. h3 Qa6 30. Qc2 Qb7 31. Rcxa4 Rxa4 32. Rxa4 Rxa4 33. Qxa4 Nf8 34. Qc2 Ng6 35. Be3 Ne7 36. Kf2 Ng6 37. g3 Qd7 38. h4 Ne7 39. Qc5 Qb7 40. Bf4 Ng6 41. Be3 Nf8 42. g4 N8d7 43. Qd6 Nf8 44. g5 hxg5 45. hxg5 Nxe4+ 46. fxe4 Qxe4 47. Qf4 Qc2 48. Qb8 Qf5+ 49. Qf4 Qc2 50. Qe5 Ng6 51. Qb8+ Kh7 52. Qh2+ Kg8 53. Qg2 Qf5+ 54. Qf3 Qc2 55. Kg2 Nh4+ 56. Kg3 Nxf3 57. Kxf3 Qf5+ 0-1


[Site "https://www.chess.com"]

[Event "Titled Tuesday Blitz March 14 Late 2023"]
[White "Foerster-Yialamas, Lucas"]
[Black "Atakhan, Abtin"]
[WhiteFideId "30901774"]
[BlackFideId "22502203"]
[WhiteElo "2067"]
[BlackElo "2008"]
[Result "0-1"]
[Round "05"]
[TimeControl "180+1"]
[Date "2023.03.14"]
[WhiteClock "0:02:13"]
[BlackClock "0:02:19"]

1. e4 c5 2. Nf3 d6 3. d4 cxd4 4. Nxd4 Nf6 5. Nc3 a6 6. Bg5 e6 7. Qd2 h6 8. Bh4 b5 9. a3 Nxe4 10. Qf4 Nf6 11. Nc6 Nxc6 0-1


[Site "https://www.chess.com"]

[Event "Titled Tuesday Blitz March 14 Late 2023"]
[White "Galchenko, Matvey"]
[Black "Gubajdullin, Alexei"]
[WhiteFideId "24175480"]
[BlackFideId "4141202"]
[WhiteElo "2404"]
[BlackElo "2267"]
[Result "1-0"]
[Round "05"]
[TimeControl "180+1"]
[Date "2023.03.14"]
[WhiteClock "0:00:05"]
[BlackClock "0:00:01"]

1. f4 Nf6 2. Nf3 g6 3. g3 Bg7 4. Bg2 O-O 5. O-O c5 6. d3 Nc6 7. Nc3 d6 8. e4 Bg4 9. h3 Bxf3 10. Qxf3 Nd4 11. Qf2 Rb8 12. a4 a6 13. g4 b5 14. axb5 axb5 15. Nd1 Nd7 16. Ne3 Ra8 17. Rb1 Ra2 18. g5 e6 19. h4 Qc7 20. f5 Ne5 21. h5 Re8 22. Bd2 c4 23. Bc3 Qc5 24. h6 Bh8 25. Kh1 cxd3 26. fxg6 hxg6 27. Ng4 Ndf3 28. Bxf3 Qxf2 29. Rxf2 dxc2 30. Rbf1 Nd3 31. Rxc2 Rc8 32. Be2 Rxc3 33. Bxd3 Rxc2 34. Bxc2 Rxb2 35. Bd3 b4 36. Rc1 Bc3 37. Bc4 Rd2 38. Nf6+ Bxf6 39. gxf6 Kh7 40. Rf1 Kxh6 41. Bxe6 Kg5 42. Bxf7 Rd4 43. Bd5 1-0


[Site "https://www.chess.com"]

[Event "Titled Tuesday Blitz March 14 Late 2023"]
[White "Garrido Dominguez, Jesus"]
[Black "Bogaudinov, Rushan"]
[WhiteFideId "2254174"]
[BlackFideId "4129288"]
[WhiteElo "2385"]
[BlackElo "1949"]
[Result "1-0"]
[Round "05"]
[TimeControl "180+1"]
[Date "2023.03.14"]
[WhiteClock "0:01:45"]
[BlackClock "0:00:02"]

1. e4 a6 2. d4 e6 3. Nc3 b5 4. Bd3 Bb7 5. Nf3 d6 6. O-O Be7 7. Re1 Nf6 8. a3 c5 9. e5 dxe5 10. dxe5 Nd5 11. Ne4 c4 12. Bf1 Nc6 13. Qe2 Qc7 14. Ng3 h5 15. h4 Bc5 16. a4 Nd4 17. Nxd4 Bxd4 18. axb5 axb5 19. Rxa8+ Bxa8 20. Nxh5 Bxe5 21. Qxe5 Qxe5 22. Rxe5 g6 23. Nf4 Rxh4 24. Nxd5 Bxd5 25. c3 f6 26. Re1 g5 27. f3 e5 28. g3 Rh7 29. Bg2 Rg7 30. Kf2 Ke7 31. Be3 Ke6 32. Ra1 Rb7 33. Ra6+ Kf5 34. g4+ Kg6 35. f4 Bxg2 36. f5+ Kf7 37. Kxg2 b4 38. Rb6 Rd7 39. Rxb4 Rd3 40. Kf3 Rd1 41. Rxc4 Rf1+ 42. Ke4 Ke7 43. Rc6 Rb1 44. b4 Rb2 45. Bc5+ Kf7 46. Rc7+ Kg8 47. Kd5 Rg2 48. Ke6 Rxg4 49. Kxf6 Rc4 50. Kg6 Rxc5 51. Rxc5 g4 52. Rc8# 1-0


[Site "https://www.chess.com"]

[Event "Titled Tuesday Blitz March 14 Late 2023"]
[White "Golubev, Mikhail"]
[Black "Larino Nieto, David"]
[WhiteFideId "14100983"]
[BlackFideId "2256444"]
[WhiteElo "2374"]
[BlackElo "2506"]
[Result "1-0"]
[Round "05"]
[TimeControl "180+1"]
[Date "2023.03.14"]
[WhiteClock "0:00:19"]
[BlackClock "0:00:18"]

1. e4 d5 2. exd5 Qxd5 3. Nf3 Nf6 4. d4 Bg4 5. Be2 c6 6. c4 Qd6 7. O-O Nbd7 8. Nc3 e6 9. h3 Bh5 10. Be3 Be7 11. Qd2 O-O 12. Bf4 Qb4 13. c5 Bxf3 14. Bxf3 Rfd8 15. Bc7 Rdc8 16. a3 Qb3 17. Bd1 Qc4 18. Be2 Qb3 19. Bd1 Qc4 20. Be2 Qxe2 21. Qxe2 Rxc7 22. Rad1 Rd8 23. d5 cxd5 24. Nxd5 Nxd5 25. Rxd5 exd5 26. Qxe7 Rdc8 27. Re1 h6 28. Qd6 Nxc5 29. Re8+ Rxe8 30. Qxc7 Re1+ 31. Kh2 Ne4 32. Qd8+ Kh7 33. Qxd5 Kg8 34. Qxb7 Nxf2 35. Qc8+ Kh7 36. Qf5+ Kg8 37. Qxf2 Re7 38. b4 g6 39. a4 h5 40. b5 Kg7 41. a5 g5 42. b6 axb6 43. axb6 Kg6 44. Qc5 Re1 45. b7 g4 46. hxg4 hxg4 47. b8=Q 1-0


[Site "https://www.chess.com"]

[Event "Titled Tuesday Blitz March 14 Late 2023"]
[White "Golubka, Petro"]
[Black "Torres Dominguez, David"]
[WhiteFideId "14114224"]
[BlackFideId "2220857"]
[WhiteElo "2391"]
[BlackElo "1999"]
[Result "1-0"]
[Round "05"]
[TimeControl "180+1"]
[Date "2023.03.14"]
[WhiteClock "0:00:24"]
[BlackClock "0:00:01"]

1. e4 Nc6 2. Nc3 e5 3. Nf3 Nf6 4. Bb5 Nd4 5. Nxe5 Bc5 6. O-O O-O 7. Nd3 Bb6 8. e5 Ne8 9. Ba4 d6 10. Re1 Bf5 11. b4 Bxd3 12. cxd3 dxe5 13. Rxe5 Nf6 14. Bb2 Qd6 15. Re3 Qxb4 16. Rb1 Qd6 17. h3 c6 18. Ne4 Nxe4 19. dxe4 Rad8 20. d3 Ne6 21. Rf3 Nc5 22. Bc2 Ne6 23. h4 Bd4 24. Bc1 h6 25. Rxb7 c5 26. Bb3 Qa6 27. Bd5 Rxd5 28. exd5 Qxb7 29. dxe6 fxe6 30. Rxf8+ Kxf8 31. Qb3 Qxb3 32. axb3 Ke7 33. h5 Bf6 34. Kf1 Kd6 35. Ke2 Kd5 36. f4 a6 37. g4 Bd4 38. g5 Bc3 39. gxh6 gxh6 40. f5 exf5 41. Bxh6 Bh8 42. Bf4 Kd4 43. Bd2 Kd5 44. h6 1-0


[Site "https://www.chess.com"]

[Event "Titled Tuesday Blitz March 14 Late 2023"]
[White "Goncalves, Davi Sulzbacher"]
[Black "Kurtz, Eric M"]
[WhiteFideId "2154510"]
[BlackFideId "30939763"]
[WhiteElo "2182"]
[BlackElo "2591"]
[Result "1-0"]
[Round "05"]
[TimeControl "180+1"]
[Date "2023.03.14"]
[WhiteClock "0:00:08"]
[BlackClock "0:00:12"]

1. Nf3 d5 2. c4 e6 3. d4 Nf6 4. Nc3 dxc4 5. e3 a6 6. Bxc4 b5 7. Be2 Bb7 8. O-O Nbd7 9. b3 c5 10. Bb2 Be7 11. Rc1 O-O 12. Qc2 cxd4 13. Nxd4 Rc8 14. Qb1 Qa5 15. Bf3 Qb6 16. Ne4 Ne5 17. Nxf6+ Bxf6 18. Be4 h6 19. h3 Rfd8 20. Bh7+ Kh8 21. Be4 Qa7 22. Kh1 Qa8 23. Bxb7 Qxb7 24. Ne2 Rd2 25. Nf4 Rcd8 26. Nh5 Qe7 27. Nxf6 gxf6 28. f4 Nd3 29. Rc2 Nxb2 30. Qxb2 Rxc2 31. Qxc2 Kg7 32. Rf3 Kh8 33. Qc3 Rd1+ 34. Kh2 Rd8 35. e4 Rg8 36. Rg3 Rxg3 37. Qxg3 Kh7 38. Qh4 Qd8 39. e5 Qh8 40. exf6 Qb8 41. Qg4 Qf8 42. Kg3 b4 43. Kf3 a5 44. Kg3 Qg8 45. Qxg8+ Kxg8 46. Kg4 Kh7 47. Kh5 Kh8 48. Kxh6 Kg8 49. h4 Kh8 50. g4 Kg8 51. g5 Kf8 52. h5 Kg8 53. g6 Kf8 54. Kh7 1-0


[Site "https://www.chess.com"]

[Event "Titled Tuesday Blitz March 14 Late 2023"]
[White "Grinev, Valeriy"]
[Black "Bluebaum, Matthias"]
[WhiteFideId "14117517"]
[BlackFideId "24651516"]
[WhiteElo "2365"]
[BlackElo "2638"]
[Result "0-1"]
[Round "05"]
[TimeControl "180+1"]
[Date "2023.03.14"]
[WhiteClock "0:00:13"]
[BlackClock "0:00:12"]

1. d4 d5 2. c4 e6 3. Nc3 Bb4 4. Bf4 dxc4 5. e3 b5 6. a4 c6 7. axb5 cxb5 8. Bxb8 Rxb8 9. Rxa7 Nf6 10. Nf3 O-O 11. Be2 Qb6 12. Ra1 Bb7 13. O-O Rfd8 14. Qc2 h6 15. Ne5 Nd7 16. Nxd7 Rxd7 17. Bf3 Bxf3 18. gxf3 Bf8 19. f4 b4 20. Ne4 Rc7 21. Rfc1 Qc6 22. Nc5 Bxc5 23. Qxc4 Qf3 24. dxc5 Qg4+ 25. Kh1 Qf3+ 26. Kg1 Rd8 27. Rc2 Rd5 28. Qe2 Qe4 29. Rac1 b3 30. Rc3 Qg6+ 31. Kh1 Qe4+ 32. Kg1 e5 33. f5 Qxf5 34. Rxb3 Rc6 35. Kh1 Rg6 36. Rg1 Rxg1+ 37. Kxg1 Rxc5 38. Rc3 Ra5 39. Rc1 e4 40. Kh1 Qf6 41. b4 Rf5 42. Kg2 Qg6+ 43. Kh1 Qf6 44. Kg2 Qh4 45. h3 Rf3 46. Rh1 Qg5+ 47. Kh2 Qf5 48. Kg2 Qg6+ 49. Kh2 Qd6+ 50. Kg2 Qxb4 51. Qc2 Qe7 52. Rb1 Qg5+ 53. Kh2 Qf5 54. Kg2 Qxh3+ 55. Kg1 Qg4+ 56. Kf1 Rh3 57. Rb8+ Kh7 58. Ke1 Qf3 59. Qe2 Qf6 60. Qc2 Rh1+ 61. Ke2 Qa6+ 62. Kd2 Qd6+ 0-1


[Site "https://www.chess.com"]

[Event "Titled Tuesday Blitz March 14 Late 2023"]
[White "Grycel, Kamil"]
[Black "Ambartsumova, Karina"]
[WhiteFideId "1115499"]
[BlackFideId "4166299"]
[WhiteElo "2465"]
[BlackElo "2300"]
[Result "1-0"]
[Round "05"]
[TimeControl "180+1"]
[Date "2023.03.14"]
[WhiteClock "0:00:14"]
[BlackClock "0:00:12"]

1. b3 e5 2. Bb2 Nc6 3. Nf3 d6 4. d4 g6 5. dxe5 Bg7 6. e3 Nge7 7. Be2 O-O 8. O-O dxe5 9. c4 e4 10. Nd4 Nxd4 11. Bxd4 Bxd4 12. exd4 Nf5 13. d5 e3 14. Na3 a6 15. Nc2 exf2+ 16. Rxf2 Qg5 17. Qc1 Qxc1+ 18. Rxc1 Bd7 19. Bg4 Rad8 20. Re1 Rfe8 21. Rfe2 Rxe2 22. Rxe2 Kf8 23. Bxf5 Bxf5 24. Nd4 Bd7 25. Kf2 b6 26. b4 Bc8 27. Nc6 Re8 28. Rxe8+ Kxe8 29. Ke3 f6 30. Kd4 h5 31. c5 bxc5+ 32. Kxc5 h4 33. a4 g5 34. d6 cxd6+ 35. Kxd6 h3 36. g3 Kf7 37. a5 Bg4 38. Nd4 Bd1 39. b5 Bg4 40. bxa6 Bc8 41. a7 Bb7 42. Kc7 Bg2 43. Kb8 f5 44. a8=Q Bxa8 45. Kxa8 f4 46. gxf4 g4 47. Ne2 Kf6 48. Ng3 Ke6 49. Kb7 Kd5 50. a6 Kd4 51. a7 Ke3 52. a8=Q Kxf4 53. Qa4+ Kf3 54. Qb3+ Kg2 55. Qc2+ Kf3 56. Qd3+ Kg2 57. Qe2+ Kg1 58. Ne4 g3 59. hxg3 h2 60. Qf2+ Kh1 61. Qf1# 1-0


[Site "https://www.chess.com"]

[Event "Titled Tuesday Blitz March 14 Late 2023"]
[White "Hansen, Eric"]
[Black "Lazavik, Denis"]
[WhiteFideId "2606771"]
[BlackFideId "13515110"]
[WhiteElo "2569"]
[BlackElo "2560"]
[Result "0-1"]
[Round "05"]
[TimeControl "180+1"]
[Date "2023.03.14"]
[WhiteClock "0:00:07"]
[BlackClock "0:00:31"]

1. b3 d5 2. Bb2 Nf6 3. Nf3 Bf5 4. e3 c6 5. Nh4 Bg4 6. f3 Bd7 7. f4 g6 8. Be2 Bg7 9. O-O O-O 10. Qe1 c5 11. d3 Nc6 12. Nd2 d4 13. e4 e5 14. f5 Ne8 15. Kh1 Nd6 16. Qg3 Bf6 17. Nhf3 Kh8 18. fxg6 fxg6 19. a4 b6 20. Nc4 Nxc4 21. bxc4 Qe7 22. Bc1 Nb4 23. Bh6 Nxc2 24. Bxf8 Rxf8 25. Nxe5 Bxe5 26. Rxf8+ Kg7 27. Qf2 Qxf8 28. Qxf8+ Kxf8 29. Ra2 Nb4 30. Ra1 Ke7 31. g3 a6 32. Kg2 Kd6 33. h4 Bf6 34. Rf1 Ke5 35. Ra1 Nc2 36. Ra2 Ne3+ 37. Kf2 Bd8 38. Ra1 Bc7 39. Ra2 Kf6 40. Bf3 Ng4+ 41. Bxg4 Bxg4 42. a5 bxa5 43. Rb2 Bc8 44. Kf3 a4 45. Rb1 Ba5 46. Rb8 a3 47. Rxc8 a2 48. Rc6+ Ke7 49. Rxa6 a1=Q 0-1


[Site "https://www.chess.com"]

[Event "Titled Tuesday Blitz March 14 Late 2023"]
[White "Harish, Neeraj"]
[Black "Urbina Perez, Juan Antonio"]
[WhiteFideId "30958130"]
[BlackFideId "2217368"]
[WhiteElo "1963"]
[BlackElo "2197"]
[Result "1-0"]
[Round "05"]
[TimeControl "180+1"]
[Date "2023.03.14"]
[WhiteClock "0:00:05"]
[BlackClock "0:00:17"]

1. e4 d5 2. exd5 Qxd5 3. Nc3 Qd8 4. d4 Nf6 5. Nf3 Bg4 6. Be3 c6 7. Be2 e6 8. h3 Bxf3 9. Bxf3 Bb4 10. Qd2 Nd5 11. a3 Bxc3 12. bxc3 Qa5 13. c4 Qxd2+ 14. Kxd2 Nxe3 15. fxe3 Nd7 16. Rab1 O-O-O 17. Rb2 Kc7 18. Rhb1 Rb8 19. Kc3 Rhd8 20. a4 Nb6 21. Rb4 Nc8 22. a5 Nd6 23. g4 b6 24. axb6+ axb6 25. Ra4 Ra8 26. Rba1 Rxa4 27. Rxa4 Rb8 28. Ra7+ Rb7 29. Ra8 Kd7 30. Rh8 h6 31. Rg8 g6 32. Rh8 Rc7 33. Rxh6 Rc8 34. h4 Ke7 35. h5 gxh5 36. gxh5 Nf5 37. Rh7 Nxe3 38. Kd3 Nf5 39. Be4 Nd6 40. Rg7 Kf6 41. Rg1 c5 42. d5 Rh8 43. Bf3 exd5 44. cxd5 b5 45. Ra1 Ke5 46. Re1+ Kf4 47. Bd1 Nf5 48. Rf1+ Ke5 49. Bf3 Rc8 50. Re1+ Kf4 51. Rf1 c4+ 52. Kc3 Ke5 53. Re1+ Kf4 54. Rf1 Kg5 55. Rg1+ Kf6 56. Re1 Nd6 57. Ra1 Rb8 58. Ra6 Ke5 59. Ra7 b4+ 60. Kd2 Kd4 61. Rd7 c3+ 62. Ke2 Re8+ 63. Kf2 Nc4 64. Rxf7 Ne3 65. Rf4+ Kc5 66. Re4 Nd1+ 67. Ke1 Rxe4+ 68. Bxe4 Ne3 69. h6 Kd4 70. h7 Ng2+ 71. Bxg2 b3 72. h8=Q+ Ke3 73. cxb3 Kf4 74. Qxc3 Kg4 75. Qf3+ Kh4 76. Kf2 Kg5 77. Kg3 Kg6 78. Qf4 Kg7 79. Qf5 Kh6 80. Kg4 Kg7 81. Bf3 Kh8 82. Kg5 Kg7 83. Qg6+ Kh8 84. Qf6+ Kg8 85. Kg4 Kh7 86. Qg5 Kh8 87. d6 Kh7 88. Bd5 Kh8 89. Qg8# 1-0


[Site "https://www.chess.com"]

[Event "Titled Tuesday Blitz March 14 Late 2023"]
[White "Hartikainen, Jarmo"]
[Black "Bruedigam, Martin"]
[WhiteFideId "503134"]
[BlackFideId "24608033"]
[WhiteElo "2170"]
[BlackElo "2331"]
[Result "0-1"]
[Round "05"]
[TimeControl "180+1"]
[Date "2023.03.14"]
[WhiteClock "0:00:03"]
[BlackClock "0:01:23"]

1. e4 c6 2. d4 d5 3. Nc3 dxe4 4. Nxe4 Bf5 5. Ng3 Bg6 6. h4 h6 7. Bc4 e6 8. N1e2 Nf6 9. Nf4 Bh7 10. O-O Nd5 11. h5 Nd7 12. Re1 Be7 13. Bd3 Nxf4 14. Bxf4 Bxd3 15. Qxd3 O-O 16. c4 Nf6 17. Be5 c5 18. Rad1 cxd4 19. Bxd4 Re8 20. a3 a6 21. b4 Qc7 22. c5 Rad8 23. Qc3 Nd5 24. Qb2 Bf6 25. Bxf6 Nxf6 26. a4 Qc6 27. Qb3 a5 28. bxa5 Qxc5 29. Qxb7 Qxa5 30. Qb5 Qxb5 31. axb5 Rb8 32. Rb1 Rb6 33. Ne4 Nxh5 34. Rec1 Nf6 35. Nc5 Nd5 36. Na4 Rb7 37. Nc5 Rb6 38. Na4 Rbb8 39. b6 Rb7 40. Rc6 Reb8 41. f3 Kf8 42. Kf2 Ke8 43. Ke2 Kd7 44. g3 Kxc6 0-1


[Site "https://www.chess.com"]

[Event "Titled Tuesday Blitz March 14 Late 2023"]
[White "Harvey, Marcus R"]
[Black "Pham, Khoi"]
[WhiteFideId "400092"]
[BlackFideId "1054988"]
[WhiteElo "2457"]
[BlackElo "2555"]
[Result "1/2-1/2"]
[Round "05"]
[TimeControl "180+1"]
[Date "2023.03.14"]
[WhiteClock "0:00:03"]
[BlackClock "0:00:07"]

1. d4 Nf6 2. c4 g6 3. g3 Bg7 4. Bg2 O-O 5. Nc3 d6 6. Nf3 Nbd7 7. O-O e5 8. e4 c6 9. Re1 Re8 10. h3 a5 11. Be3 exd4 12. Nxd4 Nc5 13. Qc2 a4 14. Rad1 Qa5 15. f3 Nfd7 16. Bf1 a3 17. b3 Na6 18. Nde2 Nb4 19. Qd2 Nc5 20. Nd4 Bd7 21. Bf2 Rad8 22. g4 Bc8 23. f4 Ne6 24. Nxe6 Bxe6 25. Na4 c5 26. Bh4 Rc8 27. f5 Bd7 28. f6 Bf8 29. Nc3 Bc6 30. Bg3 Re6 31. Nd5 Rce8 32. Bg2 Bxd5 33. cxd5 Re5 34. Bf4 Qd8 35. g5 h6 36. Rf1 hxg5 37. Bxg5 Kh7 38. Qf4 Rxg5 39. Qxg5 Bh6 40. Qg3 Re5 41. h4 Nxa2 42. Ra1 Nb4 43. Rxa3 Qd7 44. Ra8 Rh5 45. Bf3 Re5 46. Kh2 Nc2 47. Rf2 Ne3 48. Kh1 Qb5 49. h5 Rg5 50. hxg6+ Rxg6 51. Qh4 Qxb3 52. Bg2 Qb1+ 53. Kh2 Nxg2 54. Rxg2 Qd3 55. Rxg6 fxg6 56. Qg4 Qd2+ 57. Kh3 Qe3+ 58. Kg2 Qd2+ 59. Kh3 Qe3+ 60. Kh2 Qd2+ 61. Qg2 Bf4+ 62. Kh1 Qe1+ 63. Qg1 Qh4+ 64. Kg2 Qg3+ 65. Kf1 Qd3+ 66. Kg2 Qg3+ 67. Kf1 Qd3+ 68. Kg2 Qg3+ 1/2-1/2


[Site "https://www.chess.com"]

[Event "Titled Tuesday Blitz March 14 Late 2023"]
[White "Holt, Conrad"]
[Black "Karas, Marek"]
[WhiteFideId "2034387"]
[BlackFideId "14928558"]
[WhiteElo "2592"]
[BlackElo "2233"]
[Result "1-0"]
[Round "05"]
[TimeControl "180+1"]
[Date "2023.03.14"]
[WhiteClock "0:00:09"]
[BlackClock "0:00:02"]

1. d4 Nf6 2. c4 e6 3. Nc3 d5 4. cxd5 Nxd5 5. e3 c5 6. Bc4 Nb6 7. Bd3 cxd4 8. exd4 Nc6 9. Nf3 Be7 10. O-O Nd5 11. Nxd5 Qxd5 12. Re1 O-O 13. Be4 Qh5 14. Ne5 Qxd1 15. Rxd1 Nb4 16. Bd2 f6 17. Bxb4 Bxb4 18. Nd3 Bd6 19. Rac1 Rb8 20. g3 Kf7 21. b4 b6 22. d5 e5 23. Rc6 Ke7 24. Bxh7 Bb7 25. Rcc1 f5 26. h4 Kf6 27. h5 Rfc8 28. a3 Rxc1 29. Nxc1 Rc8 30. Ne2 Rc2 31. Nc1 Rc3 32. g4 fxg4 33. Ne2 Rxa3 34. Ng3 a5 35. bxa5 bxa5 36. Nf5 Bc5 37. d6 g3 38. d7 Bxf2+ 39. Kf1 Bb6 40. Rd6+ Kg5 41. Rxb6 g2+ 42. Ke2 g1=Q 43. Rg6+ Kf4 44. Rxg1 Ba6+ 45. Ke1 Ra1+ 46. Kd2 Rxg1 47. d8=Q 1-0


[Site "https://www.chess.com"]

[Event "Titled Tuesday Blitz March 14 Late 2023"]
[White "Ismagilov, Damir"]
[Black "Burg, Twan"]
[WhiteFideId "34199982"]
[BlackFideId "1010697"]
[WhiteElo "2078"]
[BlackElo "2422"]
[Result "0-1"]
[Round "05"]
[TimeControl "180+1"]
[Date "2023.03.14"]
[WhiteClock "0:00:07"]
[BlackClock "0:00:19"]

1. d4 Nf6 2. Nf3 d5 3. Bg5 c5 4. Bxf6 gxf6 5. dxc5 e6 6. e3 Bxc5 7. Bd3 O-O 8. Nbd2 Nc6 9. c3 e5 10. Nh4 e4 11. Be2 f5 12. g3 Ne5 13. Nb3 Bb6 14. Ng2 Be6 15. Nf4 Rc8 16. O-O Ng6 17. Nxe6 fxe6 18. Rc1 Ne5 19. Nd4 Qf6 20. a4 Kh8 21. Kh1 Rg8 22. c4 dxc4 23. Nb5 Nd3 24. Rc2 Qe5 25. b3 cxb3 26. Rxc8 Rxc8 27. Qxb3 Qd5 28. Qxd5 exd5 29. Bxd3 exd3 30. Rd1 Rc4 31. Rxd3 Rxa4 32. Rxd5 Rb4 33. Nd6 a5 34. Nxf5 a4 35. Re5 Kg8 36. Re8+ Kf7 37. Ra8 Bc5 38. Kg2 b5 39. Rc8 Bf8 40. Nd4 a3 41. Rc7+ Kg8 42. Nc2 Rb2 43. Nxa3 Bxa3 44. Rb7 Bc5 45. Kf3 b4 46. Ke4 Rxf2 47. Kd5 Bxe3 48. Rxb4 Rxh2 49. Ke4 Bc5 50. Rc4 Bd6 51. Kf5 Rg2 52. g4 Rf2+ 53. Ke6 Bf8 54. Re4 Kg7 55. Re5 Kg6 56. Rf5 Rxf5 57. gxf5+ Kg5 58. Ke5 Kg4 59. Ke4 h5 60. f6 h4 61. Ke3 Kg3 0-1


[Site "https://www.chess.com"]

[Event "Titled Tuesday Blitz March 14 Late 2023"]
[White "Jimenez, Joaquin"]
[Black "Sokolin, Leonid"]
[WhiteFideId "109860"]
[BlackFideId "2009161"]
[WhiteElo "2163"]
[BlackElo "2394"]
[Result "0-1"]
[Round "05"]
[TimeControl "180+1"]
[Date "2023.03.14"]
[WhiteClock "0:00:04"]
[BlackClock "0:00:18"]

1. c4 e5 2. Nc3 Bb4 3. g3 Bxc3 4. bxc3 d6 5. Bg2 Nc6 6. Rb1 Nge7 7. d3 b6 8. e4 O-O 9. Nf3 f5 10. Nd2 f4 11. f3 Ng6 12. Qe2 Qf6 13. Kd1 Nd8 14. Kc2 Ne6 15. Bb2 Bd7 16. Rbf1 b5 17. Kb1 Rab8 18. Ka1 Nc5 19. Rb1 Na4 20. Rhc1 Qg5 21. g4 Nh4 22. cxb5 Bxb5 23. c4 Bd7 24. Nb3 c5 25. Bh1 Rb6 26. Ba3 Rfb8 27. Qc2 Ng6 28. Bg2 Nf8 29. Nd2 Ne6 30. Rxb6 Rxb6 31. Nb3 Qh4 32. Bf1 h5 33. h3 Ng5 34. Qg2 Qg3 35. h4 Nxf3 36. gxh5 Nxh4 37. Qd2 Bg4 38. Qa5 Bd7 39. Qxa7 Be8 40. Qa8 Kf8 41. Qd8 Nf3 42. h6 gxh6 43. Qf6+ Kg8 44. Qxh6 Qg6 45. Qh3 Nd4 46. Nxd4 exd4 47. Be2 Kf8 48. Qh8+ Ke7 49. Rh1 Bf7 50. Qa8 Qg2 51. Rb1 Rxb1+ 52. Kxb1 Nc3+ 53. Kc2 Qxe2+ 54. Kb3 Qxa2# 0-1


[Site "https://www.chess.com"]

[Event "Titled Tuesday Blitz March 14 Late 2023"]
[White "Johannesson, Ingvar Thor"]
[Black "Ardila, Oscar Humberto"]
[WhiteFideId "2301490"]
[BlackFideId "4404742"]
[WhiteElo "2360"]
[BlackElo "1911"]
[Result "1-0"]
[Round "05"]
[TimeControl "180+1"]
[Date "2023.03.14"]
[WhiteClock "0:00:38"]
[BlackClock "0:00:08"]

1. d4 Nf6 2. Nf3 g6 3. c4 Bg7 4. Nc3 d6 5. e4 O-O 6. Be2 c6 7. O-O Qc7 8. Re1 e5 9. Bf1 Re8 10. Qc2 Bg4 11. dxe5 dxe5 12. Nd2 Na6 13. h3 Be6 14. Nf3 Rad8 15. Be3 Bc8 16. a3 b6 17. b4 Nb8 18. Rad1 Nbd7 19. Rd2 Nf8 20. b5 c5 21. Nd5 Nxd5 22. cxd5 f5 23. exf5 gxf5 24. Bg5 e4 25. Bc4 Kh8 26. Bxd8 Qxd8 27. Rde2 Nd7 28. Qc1 Rf8 29. Ng5 Ne5 30. Ne6 Bxe6 31. dxe6 Ng6 32. Rd1 Bd4 33. Kh1 Qf6 34. Qh6 Re8 35. a4 Qg7 36. Qh5 Qf6 37. g4 fxg4 38. Qxg4 Re7 39. Qxe4 Nf4 40. Rg1 Nxe2 41. Qa8+ 1-0


[Site "https://www.chess.com"]

[Event "Titled Tuesday Blitz March 14 Late 2023"]
[White "Kalajzic, Ivan"]
[Black "Wu, Sibo"]
[WhiteFideId "14506378"]
[BlackFideId "8606048"]
[WhiteElo "2203"]
[BlackElo "2421"]
[Result "1-0"]
[Round "05"]
[TimeControl "180+1"]
[Date "2023.03.14"]
[WhiteClock "0:01:28"]
[BlackClock "0:01:28"]

1. d4 d5 2. Nc3 Nf6 3. Bg5 c6 4. e3 Bf5 5. f4 e6 6. Nf3 Nbd7 7. Be2 Be7 8. O-O Ne4 9. Bxe7 Qxe7 10. Nxe4 Bxe4 11. c3 Bxf3 12. Bxf3 h5 13. e4 dxe4 14. Bxe4 Nf6 15. Bf3 h4 16. Re1 h3 17. g3 O-O 18. f5 Qd6 19. fxe6 fxe6 20. Bg4 Rae8 21. Bxh3 Nd5 22. Qg4 e5 23. dxe5 Rxe5 24. Rxe5 Qxe5 25. Qe6+ Qxe6 26. Bxe6+ Kh8 27. Bxd5 cxd5 28. Rd1 Rd8 29. c4 d4 30. Kf2 Kh7 31. Kf3 Kg6 32. Ke4 Re8+ 33. Kd3 Kg5 34. Rf1 Rd8 35. Rf7 g6 36. Rxb7 a5 1-0


[Site "https://www.chess.com"]

[Event "Titled Tuesday Blitz March 14 Late 2023"]
[White "Khatena, Moshe"]
[Black "Senft, Sean"]
[WhiteFideId "2010461"]
[BlackFideId "2044960"]
[WhiteElo "2211"]
[BlackElo "1989"]
[Result "0-1"]
[Round "05"]
[TimeControl "180+1"]
[Date "2023.03.14"]
[WhiteClock "0:01:05"]
[BlackClock "0:01:23"]

1. e4 e5 2. Bc4 Nf6 3. Nf3 Nc6 4. d3 d6 5. c3 Be7 6. O-O O-O 7. Bb3 Bg4 8. Nbd2 Re8 9. Re1 d5 10. Qc2 d4 11. h3 Bh5 12. Nh2 Na5 13. Ba4 c6 14. c4 a6 15. Qb1 b5 16. Bd1 Bxd1 17. Rxd1 bxc4 18. dxc4 Rb8 19. Qd3 c5 20. Ndf1 Nc6 21. a3 Nh5 22. Ng3 Nf4 23. Bxf4 exf4 24. Nf5 Rxb2 25. Qf3 Bg5 26. Qg4 Ne5 27. Qh5 g6 28. Nh6+ Kg7 29. Nf5+ Kh8 0-1


[Site "https://www.chess.com"]

[Event "Titled Tuesday Blitz March 14 Late 2023"]
[White "Khismatullin, Denis"]
[Black "Oro, Faustino"]
[WhiteFideId "4142578"]
[BlackFideId "20000197"]
[WhiteElo "2531"]
[BlackElo "1984"]
[Result "1-0"]
[Round "05"]
[TimeControl "180+1"]
[Date "2023.03.14"]
[WhiteClock "0:00:08"]
[BlackClock "0:00:03"]

1. d4 Nf6 2. c4 e6 3. Nf3 d5 4. Nc3 Be7 5. cxd5 exd5 6. Qc2 O-O 7. Bf4 c6 8. e3 Re8 9. Bd3 Nbd7 10. h3 Nf8 11. Bh2 Bd6 12. Bxd6 Qxd6 13. g4 a6 14. Ne5 c5 15. f4 cxd4 16. exd4 Ne6 17. Qf2 Ne4 18. Bxe4 dxe4 19. Nxe4 Qxd4 20. Qxd4 Nxd4 21. Rd1 Nf3+ 22. Kf2 Nxe5 23. fxe5 Be6 24. b3 Rec8 25. Rd2 h6 26. Rhd1 b5 27. Ke3 Rc7 28. Rd8+ Rxd8 29. Rxd8+ Kh7 30. Rd6 a5 31. Rb6 Rc2 32. Rxb5 Rxa2 33. Nc5 Bd5 34. Nd3 Bg2 35. Nf4 Bf1 36. Rb7 Ra3 37. Kf2 Ba6 38. Rxf7 Rxb3 39. Nh5 Kg8 40. Rxg7+ Kf8 41. e6 1-0


[Site "https://www.chess.com"]